Map: Automaton LE

Players

macromore - Winner!

  • Race: Terran Terran
  • League: Diamond
  • Spawn Location: 3:00

A.I. 1 (Very Easy)

  • Race: Protoss Protoss
  • Spawn Location: 9:00

VOD

Have the link to the VOD?

Description

Time

  • Played on: Feb. 27, 2019, 3:05 p.m.
  • Length: 10:43
Show
View Real Time Build Order
Export as new Build Order

macromore Terran - Winner!

Build Orders: Reaper Expand 

Get SALT Encoding   

  12  0:00  SCV  
  13  0:13  SCV  
  14  0:18  Supply Depot  
  14  0:25  SCV  
  15  0:39  SCV  
  15  0:42  Barracks  
  16  0:51  SCV, Refinery  
  17  1:04  SCV  
  18  1:16  SCV  
  19  1:29  Orbital Command  
  19  1:34  Reaper  
  20  1:43  Command Center  
  20  1:55  SCV  
  21  2:06  Barracks Reactor  
  21  2:07  SCV  
  22  2:10  Refinery  
  22  2:16  Supply Depot  
  22  2:19  SCV  
  23  2:30  Factory  
  23  2:37  SCV  
  24  2:47  Marine x2  
  24  2:49  SCV  
  27  2:55  Orbital Command  
  27  3:01  SCV  
  28  3:06  Marine x2  
  30  3:13  SCV  
  30  3:16  Starport  
  31  3:23  SCV  
  31  3:26  SCV  
  33  3:32  Barracks  
  33  3:33  Marine x2  
  35  3:34  Factory Tech Lab  
  35  3:35  SCV  
  36  3:45  SCV  
  36  3:48  SCV  
  38  3:54  Marine x2  
  40  3:57  SCV  
  40  4:02  Supply Depot, Raven  
  43  4:04  Barracks  
  43  4:10  Factory Tech Lab  
  43  4:12  Marine  
  43  4:15  Marine  
  43  4:16  SCV  
  46  4:23  SCV  
  47  4:25  Barracks  
  47  4:28  SCV  
  48  4:33  Marine  
  48  4:34  Marine  
  48  4:35  SCV  
  51  4:44  Supply Depot, SCV, Refinery  
  52  4:47  Bunker  
  52  4:48  SCV  
  52  4:50  Stimpack  
  53  4:59  Marine  
  54  5:00  Combat Shield  
  54  5:05  Supply Depot, Marine  
  54  5:06  Marauder x2  
  59  5:09  Starport Reactor  
  59  5:10  Factory Reactor, Engineering Bay  
  59  5:21  Supply Depot x2, Marine  
  59  5:22  SCV x2  
  59  5:27  Marauder  
  59  5:28  Refinery, Marine  
  64  5:29  Marauder  
  64  5:34  SCV  
  68  5:40  Marine  
  68  5:41  SCV  
  70  5:45  Terran Infantry Weapons Level 1  
  70  5:46  SCV  
  70  5:48  Widow Mine x2, Medivac x2  
  70  5:49  Marine x2  
  81  5:53  SCV  
  82  5:58  Supply Depot, SCV  
  82  6:01  Supply Depot, Marauder, Marine  
  86  6:09  Supply Depot  
  86  6:10  Supply Depot  
  86  6:16  Supply Depot  
  86  6:18  SCV x2  
  86  6:19  Marauder, Concussive Shells, Medivac, Widow Mine x2  
  86  6:25  Marine x2  
  96  6:26  Marauder  
  96  6:29  Medivac  
  102  6:40  Widow Mine  
  102  6:42  Supply Depot  
  102  6:43  Supply Depot  
  102  6:44  Marauder, Marine x2  
  108  6:50  SCV x2  
  110  7:02  SCV  
  110  7:03  SCV  
  112  7:08  Command Center  
  112  7:11  Widow Mine x2, Medivac  
  112  7:14  SCV, Medivac  
  121  7:20  Marine x2  
  121  7:21  Marauder  
  127  7:30  Marauder, SCV  
  127  7:31  SCV  
  127  7:34  Widow Mine x2  
  133  7:40  Marine x2  
  133  7:42  SCV  
  133  7:43  SCV  
  137  7:45  Terran Infantry Armor Level 1  
  137  7:50  Barracks  
  137  7:51  Marine x2  
  137  7:53  Barracks  
  137  7:55  SCV  
  140  7:59  Widow Mine x2, Medivac  
  140  8:01  SCV  
  140  8:05  Medivac  
  149  8:07  SCV  
  149  8:12  Marine x2  
  152  8:14  Supply Depot, SCV  
  152  8:16  Marauder  
  152  8:19  SCV  
  156  8:24  Starport  
  156  8:26  Orbital Command  
  156  8:37  Barracks Reactor  
  156  8:39  Barracks Tech Lab  
  156  8:44  Ghost Academy  
  156  8:47  SCV x2  
  158  8:49  Refinery  
  158  8:50  Refinery, Marine x2  
  158  8:51  Marauder x2  
  158  8:52  Widow Mine x2, Viking  
  170  9:02  Medivac  
  172  9:08  Marauder  
  172  9:09  SCV x2  
  177  9:10  SCV  
  177  9:13  Widow Mine  
  179  9:21  Marine x2  
  181  9:27  Supply Depot x2  
  181  9:38  Armory  
  181  9:40  Engineering Bay  
  181  9:48  SCV x2, Marauder x3, Marine x2  
  181  9:49  Marine x2  
  181  9:51  Widow Mine x2  
  197  10:13  Supply Depot, Command Center  
  197  10:16  Supply Depot  
  197  10:17  Starport Tech Lab  
  197  10:26  Supply Depot  
  200  10:38  Supply Depot  
  200  10:39  Supply Depot  
  200  10:40  Supply Depot  
  200  10:41  Supply Depot  
Show
View Real Time Build Order
Export as new Build Order

A.I. 1 (Very Easy) Protoss 

Build Orders:  

Get SALT Encoding   

  12  0:00  Probe  
  13  0:13  Probe  
  14  0:21  Pylon  
  14  0:37  Assimilator  
  14  0:44  Gateway  
  14  0:46  Pylon  
  14  1:15  Assimilator  
  14  1:18  Probe  
  15  1:26  Probe  
  16  1:34  Probe  
  16  1:35  Cybernetics Core  
  17  1:44  Probe  
  18  1:55  Probe  
  19  2:02  Warp Gate  
  19  2:03  Probe  
  20  2:12  Stalker  
  22  5:24  Zealot  
  22  5:25  Probe  
  22  5:27  Pylon  
  25  5:29  Robotics Facility  
  25  5:34  Probe  
  25  5:42  Probe  
  27  5:51  Probe  
  28  6:01  Pylon  
  28  6:02  Probe  
  27  6:10  Probe  
  28  6:19  Observer, Zealot  
  31  6:40  Observer  
  32  7:08  Nexus  
  32  7:14  Stalker  
  34  8:00  Observer  
  34  8:17  Probe  
  36  8:27  Probe, Assimilator  
  36  8:30  Probe  
  36  8:32  Assimilator  
  38  8:41  Probe  
  38  8:48  Probe  
  39  8:55  Probe  
  40  9:03  Probe  
  39  9:10  Stalker  
  39  9:14  Probe  
  35  9:22  Probe  
  20  9:24  Pylon  
  21  9:32  Probe  
  22  9:39  Zealot  
  22  9:44  Probe  
  25  9:56  Probe  
  25  9:57  Observer  
  25  10:08  Probe, Stalker  
  25  10:12  Observer  
  26  10:26  Pylon  
Tags
 
League
Diamond
Matchup
PvT
Spawn Locations
Cross Positions
Add a new tag
Caveats
  • Supply blocks, unpowered buildings, or Contaminate may cause inaccurate times.
  • Supply counts are checked every 10 seconds.